 Dungeon Sprint DCSS version 0.31-a0-18-gea43df2a32 (webtiles) character file.

Game seed: 2850673939744552434

3574 sircluck the Brawler (level 9, -17/157 HPs)
             Began as a Troll Berserker on May 10, 2023.
             Was a Priest of Trog.
             Demolished by a golden dragon (38 damage)
             ... in the Dungeon (Sprint II: "The Violet Keep of Menkaure").
             The game lasted 00:04:35 (937 turns).

sircluck the Brawler (Troll Berserker)               Turns: 937, Time: 00:04:36

Health: -17/157    AC:  4    Str: 35    XL:     9   Next: 84%
Magic:  8/8        EV: 12    Int:  3    God:    Trog [***...]
Gold:   252        SH:  0    Dex:  9    Spells: 8/8 levels left

rFire   x .          .
                       - Unarmed
rCold   . . .        (no shield)
rNeg    . . .        a - +0 animal skin
rPois   .            (helmet restricted)
rElec   .            (no cloak)
rCorr   .            (gloves unavailable)
SInv    .            (boots unavailable)
Will    .....        (no amulet) Stlth
                     h - ring of flight
HPRegen 1.26/turn    i - +6 ring of strength
MPRegen 0.11/turn

%: no teleportation
@: berserking, flying, very quick
A: large, unfitting armour, claws 3, regeneration 1, shaggy fur 1, tough skin 1,
deterioration 1, weak 1, heat vulnerability 1
a: Renounce Religion, Berserk, Trog's Hand


You were in the Dungeon.
You worshipped Trog.
Trog was most pleased with you.
You visited 1 branch You collected 984 gold pieces.
You spent 732 gold pieces at shops.

Inventory:

Armour
 a - a +0 animal skin (worn)
Jewellery
 h - a ring of flight (left claw)
 i - a +6 ring of strength (right claw)
Scrolls
 g - a scroll of blinking
Potions
 b - a potion of curing
 c - a potion of heal wounds
 d - a potion of haste
 e - 2 potions of magic
 f - a potion of berserk rage


   Skills:
 + Level 11.0 Fighting
 + Level 10.6 Dodging
 + Level 0.6 Stealth
 + Level 15.1 Unarmed Combat


You had 8 spell levels left.
You didn't know any spells.
Your spell library was empty.

Dungeon Overview and Level Annotations

Branches:
Dungeon (1/1)

Altars:

Shops:
D (!:![=[=?!?([:[([*=

Annotations:
D exclusion: oklob plant


Innate Abilities, Weirdness & Mutations

You are too large for most types of armour.
You have claws for hands.
Your natural rate of healing is unusually fast.
You are covered in fur. (AC +1)
You have tough skin. (AC +1)
Your body sometimes deteriorates upon taking damage.
You are weak. (Str -2)
You are vulnerable to heat. (rF-)


Message History

Your black bear rages.
You feel very sick.
You feel sick.
Your black bear rages.
You feel sick. x5
Your black bear dies!
Your black bear's corpse disappears in a puff of smoke!
You start resting.
You feel sick. x2
You are no longer poisoned.
You start resting.
HP restored.
You reach down and open the door.
The golden dragon roars deafeningly!
A red film seems to cover your vision as you go berserk!
You feel yourself moving faster!
You feel mighty!
You closely miss the golden dragon. You mangle the golden dragon!!
The golden dragon is moderately wounded.
The golden dragon bites you!
The golden dragon claws you but does no damage.
The golden dragon tramples you!
You are shoved backwards!
You mangle the golden dragon!!
The golden dragon is heavily wounded.
You claw the golden dragon!
The golden dragon is severely wounded.
You claw the golden dragon!
The golden dragon is severely wounded.
The golden dragon bites you!! The golden dragon claws you!
The golden dragon tramples you!
You are shoved backwards!
You mangle the golden dragon!!
The golden dragon is almost dead.
You scratch the golden dragon but do no damage.
The golden dragon is almost dead.
The golden dragon breathes fire at you. The bolt of fire hits you!!!!
The fire burns you terribly!
* * * LOW HITPOINT WARNING * * *
You barely miss the golden dragon.
The golden dragon is almost dead.
The golden dragon bites you!!!
You die...

****** **********############
*,,,,* **
*,,,,,,+,,#∩∩∩.@D.'!.#**,,,,***,
*,,,,,,*,,#######.####,,,,,,,,*,
*+******+**,,####+####,,,,,,,,*,
*∩∩∩∩∩∩*,,+,##§§≈≈≈§≈##⌠,,,,*+**
*∩∩∩∩∩∩*,,*##§§§§≈§§≈§##,,,,*,,*
*********,,+≈§≈§§.§≈§§§#*++**,,,
*,,,**,,,*###≈§≈§≈§§§§##~,,,***,
*,,,,*,,,,.~##≈≈≈≈≈§§##,~,,,,,**
############~~#'''#+++##***,,,,*,


You could see a golden dragon (catching breath).

Vanquished Creatures
  A storm dragon (D)
  2 boulder beetles (D)
  An orange crystal statue (D)
  A merfolk siren (D)
  A blink frog (D)
  Menkaure (D)
  A water moccasin (D)
  4 scorpions (D)
  3 worms (D)
15 creatures vanquished.

Vanquished Creatures (others)
  A water moccasin (D)
1 creature vanquished.

Grand Total: 16 creatures vanquished

Notes
Turn   | Place    | Note
-------+----------+-------------------------------------------
     0 | D        | sircluck the Troll Berserker began the quest for the Orb.
     0 | D        | Reached XP level 1. HP: 22/22 MP: 0/0
     1 | D        | Noticed a scorpion
     1 | D        | Noticed a scorpion
     7 | D        | Killed a scorpion
     8 | D        | Reached skill level 5 in Unarmed Combat
     8 | D        | Reached XP level 2. HP: 32/32 MP: 1/1
     8 | D        | Reached XP level 3. HP: 39/39 MP: 2/2
    10 | D        | Killed a scorpion
    11 | D        | Reached skill level 5 in Fighting
    11 | D        | Reached skill level 5 in Dodging
    11 | D        | Reached skill level 6 in Unarmed Combat
    11 | D        | Reached XP level 4. HP: 50/50 MP: 3/3
    12 | D        | Noticed a scorpion
    12 | D        | Noticed a scorpion
    14 | D        | Killed a scorpion
    14 | D        | Reached ** piety under Trog
    15 | D        | Reached skill level 7 in Unarmed Combat
    15 | D        | Reached XP level 5. HP: 59/59 MP: 4/4
    70 | D        | Noticed a merfolk siren
    82 | D        | Killed a merfolk siren
    83 | D        | Reached skill level 9 in Unarmed Combat
    83 | D        | Reached XP level 6. HP: 72/72 MP: 5/5
    83 | D        | Reached XP level 7. HP: 79/79 MP: 6/6
   214 | D        | Noticed a boulder beetle
   214 | D        | Noticed a boulder beetle
   222 | D        | Killed a boulder beetle
   222 | D        | Reached *** piety under Trog
   223 | D        | Reached skill level 11 in Unarmed Combat
   223 | D        | Reached XP level 8. HP: 56/91 MP: 7/7
   230 | D        | Killed a boulder beetle
   231 | D        | Reached skill level 12 in Unarmed Combat
   294 | D        | Reached **** piety under Trog
   301 | D        | Found Feosink's Distillery.
   301 | D        | Found Vecum's Antique Weapon Emporium.
   301 | D        | Found Ytecs's Magic Scroll Shoppe.
   301 | D        | Found Hauck's Magic Scroll Shoppe.
   301 | D        | Noticed Menkaure
   303 | D        | Found Ryecrynyge's Jewellery Shoppe.
   303 | D        | Found Vidaffib's Armour Emporium.
   303 | D        | Found Ynibry's Antique Armour Shoppe.
   303 | D        | Found Etel Lato's Book Shoppe.
   304 | D        | Found Cyteet's Antique Armour Shoppe.
   304 | D        | Found Roamal's Jewellery Emporium.
   305 | D        | Found Royrehej's Antique Armour Emporium.
   305 | D        | Found Cezyo's Distillery.
   305 | D        | Noticed an oklob plant
   306 | D        | Killed Menkaure
   307 | D        | Found Jaloikh's Distillery.
   307 | D        | Found Naumu's Book Shoppe.
   307 | D        | Found Zaathrom's Antique Weapon Emporium.
   312 | D        | Reached skill level 13 in Unarmed Combat
   349 | D        | Noticed a blink frog
   368 | D        | Killed a blink frog
   369 | D        | Reached skill level 10 in Fighting
   369 | D        | Reached XP level 9. HP: 27/101 MP: 8/8
   445 | D        | Noticed an orange crystal statue
   468 | D        | Bought a ring of flight for 210 gold pieces
   468 | D        | Bought a +6 ring of strength for 432 gold pieces
   520 | D        | Killed an orange crystal statue
   520 | D        | Reached ***** piety under Trog
   521 | D        | Reached skill level 10 in Dodging
   521 | D        | Reached skill level 14 in Unarmed Combat
   528 | D        | Gained mutation: You are vulnerable to heat. (rF-)
                  | [mutagenic glow]
   541 | D        | Gained mutation: Your body sometimes deteriorates upon
                  | taking damage. [mutagenic glow]
   560 | D        | Gained mutation: You are weak. (Str -2) [mutagenic glow]
   627 | D        | Noticed a golden dragon
   769 | D        | Found Betsa's Jewellery Boutique.
   769 | D        | Found Lebaegya's General Store.
   769 | D        | Found Ciefouwk's Antique Armour Emporium.
   769 | D        | Found Cipois's Weapon Boutique.
   769 | D        | Noticed a storm dragon
   776 | D        | Killed a storm dragon
   777 | D        | Reached skill level 15 in Unarmed Combat
   818 | D        | Bought a scroll of magic mapping for 90 gold pieces
   937 | D        | Demolished by a golden dragon

Illustrated notes

Levels and vault maps discovered:
D:        the_violet_keep_of_menkaure [sprint2_stairs_cluster_1,
          sprint2_shoproom, sprint2_temple, sprint2_basic_supplies,
          sprint2_obstacle_5, sprint2_obstacle_3, sprint2_obstacle_4,
          sprint2_obstacle_2, sprint2_obstacle_1, sprint2_timed_cluster_1,
          sprint2_smallroom_cluster_1, sprint2_smallroom_final_cluster_1,
          sprint2_transparent_cluster_1, sprint2_second_timed_cluster_1,
          sprint2_sniper_area_1, sprint2_heavy_combat_area_1,
          sprint2_mutation_trap_area_1, sprint2_forest_area_1,
          sprint2_light_combat_area_1, sprint2_behind_water_1,
          sprint2_near_end_vault_1]

Skill      XL: |  1  2  3  4  5  6  7  8  9 |
---------------+----------------------------+-----
Fighting       | 4 5 7 8 10 11 | 11.0
Dodging        | 4 5 7 8 9 10 | 10.6
Unarmed Combat | 5 6 7 9 11 13 15 | 15.1
Stealth        | |  0.6

Action                     |  1- 3 |  4- 6 |  7- 9 || total
---------------------------+-------+-------+-------++-------
  Melee: Unarmed           |     8 |    10 |    52 ||    70
         Punch             |       |       |     1 ||     1
 Invoke: Berserk           |     1 |     1 |     4 ||     6
         Brothers in Arms  |       |       |     2 ||     2
    Use: Scroll            |       |       |     1 ||     1
 Armour: Animal skin       |       |     1 |     2 ||     3
  Dodge: Dodged            |     2 |       |    12 ||    14

Table legend: (Time is in decaauts)
 A = Elapsed time spent in this place.
 B = Non-inter-level travel time spent in this place.
 C = Inter-level travel time spent in this place.
 D = Time resting spent in this place.
 E = Time spent auto-exploring this place.
 F = Levels seen in this place.
 G = Mean time per level.
                   A        B        C        D        E       F      G
               +--------+--------+--------+--------+--------+-----+--------+
         Total |    971 |    924 |     47 |    582 |    110 |   1 |  971.0 |
       Dungeon |    971 |    924 |     47 |    582 |    110 |   1 |  971.0 |
               +--------+--------+--------+--------+--------+-----+--------+

Top non-repeatable levels by time:
       D: 971 daAuts
